 Dungeon Crawl Stone Soup version 0.22-a0-558-gc224181 (webtiles) character file.

11024 Lianjan the Spear-Bearer (level 11, -5/87 HPs)
             Began as a Demonspawn Gladiator on June 26, 2018.
             Was an Elder of Yredelemnul.
             Slain by a merfolk
             ... wielding a +0 trident
              (17 damage)
             ... on level 10 of the Dungeon.
             The game lasted 00:25:23 (12271 turns).

Lianjan the Spear-Bearer (Demonspawn Gladiator)    Turns: 12271, Time: 00:25:24

Health: -5/87      AC: 21    Str: 17    XL:     11   Next: 43%
Magic:  17/17      EV:  9    Int: 13    God:    Yredelemnul [****..]
Gold:   576        SH:  0    Dex: 15    Spells: 10/10 levels left

rFire    + . .     SeeInvis +   a - +0 halberd
rCold    . . .     Gourm    .   (shield currently unavailable)
rNeg     . . .     Faith    .   m - +0 chain mail
rPois    +         Spirit   .   C - +2 hat {Int+3}
rElec    +         Reflect  .   t - +0 cloak "Haifunin" {rElec rPois SInv}
rCorr    .         Harm     .   (no gloves)
MR       .....                  (no boots)
Stlth    ..........             (no amulet)
HPRegen  0.24/turn              r - +5 ring of protection
MPRegen  0.15/turn              I - ring of stealth

@: no status effects
A: talons 1, icy blue scales 2, fire resistance 1, nightstalker 1, flame cloud
immunity
a: Recall Undead Slaves, Injury Mirror, Animate Dead, Drain Life, Renounce
Religion


You were on level 10 of the Dungeon.
You worshipped Yredelemnul.
Yredelemnul was greatly pleased with you.
You were hungry.

You visited 1 branch of the dungeon, and saw 10 of its levels.

You collected 576 gold pieces.

Inventory:

Hand Weapons
 a - a +0 halberd (weapon)
 b - a +0 blowgun
 D - a +1 trident
 F - a +0 giant club
Missiles
 h - 47 poisoned needles
 k - 7 needles of sleeping
 y - 4 tomahawks (quivered)
Armour
 c - a +1 helmet
 g - a +0 cloak
 m - a +0 chain mail (worn)
 t - the +0 cloak "Haifunin" (worn) {rElec rPois SInv}
   (You found it on level 9 of the Dungeon)

   It insulates you from electricity.
   It protects you from poison.
   It lets you see invisible.
 w - a +0 plate armour
 C - a +2 hat of intelligence (worn)
Jewellery
 r - a +5 ring of protection (left hand)
 u - an uncursed ring of poison resistance
 I - a ring of stealth (right hand)
 J - an uncursed amulet of magic regeneration {unknown}
Wands
 z - a wand of random effects (32)
 E - a wand of enslavement (12)
 H - a wand of iceblast (7)
Scrolls
 d - 4 scrolls of enchant armour
 i - 3 scrolls of teleportation
 j - 3 scrolls of enchant weapon
 v - 5 scrolls of remove curse
 G - 3 scrolls of identify
 K - a scroll of fog
Potions
 e - a potion of heal wounds
 l - 2 potions of degeneration {unknown}
 n - a potion of flight {unknown}
 o - a potion of mutation {unknown}
 p - 4 potions of curing
 q - a potion of agility {unknown}
 s - a potion of cancellation
 x - a potion of might {unknown}
 A - a potion of magic {unknown}
 B - 3 potions of haste {unknown}
Comestibles
 f - 21 rations


   Skills:
 + Level 8.7 Fighting
 * Level 11.1 Polearms
 - Level 2.0 Throwing
 + Level 6.4 Armour
 - Level 5.0 Dodging
 + Level 9.2 Invocations


You had 10 spell levels left.
You didn't know any spells.
Your spell library contained the following spells:

 Spells                   Type           Power        Failure   Level  Hunger
 Summon Small Mammal      Summ           #...         98%         1    ##.....
 Animate Dead             Necr           N/A          100%        4    #####..
 Pain                     Necr           #...         98%         1    ##.....
 Animate Skeleton         Necr           N/A          98%         1    ##.....
 Vampiric Draining        Necr           #.........   100%        3    ####...
 Freeze                   Ice            #...         98%         1    ##.....
 Regeneration             Chrm/Necr      #.........   100%        3    ####...
 Flame Tongue             Conj/Fire      #....        98%         1    ##.....
 Summon Butterflies       Summ           #.......     98%         1    ##.....
 Infusion                 Chrm           #...         98%         1    ##.....


Dungeon Overview and Level Annotations

Branches:
Dungeon (10/15)            Temple (0/1) D:6            Lair (0/6) D:8
    Orc: D:9-12

Altars:
Ashenzari
Cheibriados
Gozag
Kikubaaqudgha
Ru
Sif Muna
Uskayaw
Vehumet
Yredelemnul
Zin

Shops:
D:4 ?


Innate Abilities, Weirdness & Mutations

You have sharp toenails.
You are mostly covered in icy blue scales. (AC +3)
Your flesh is heat resistant. (rF+)
You are slightly more attuned to the shadows.
You are immune to clouds of flame.


Message History

You don't have any such object.
Evoke which item? (* to show all) (? for menu, Esc to quit)
Okay, then.
Evoke which item? (* to show all) (? for menu, Esc to quit)
Aiming: Iceblast
Press: ? - help, Shift-Dir - straight line, f - merfolk
Aim: a merfolk, wielding a trident (lightly wounded)
The mass of ice explodes!
The iceblast engulfs the merfolk.
The merfolk is moderately wounded.
Your deep elf mage zombie is engulfed in blazing flames.
Evoke which item? (* to show all) (? for menu, Esc to quit)
Okay, then.
You feel much better.
A hippogriff comes into view.
The merfolk hits you from afar with a trident!
* * * LOW HITPOINT WARNING * * *
Your deep elf mage zombie misses the merfolk.
The merfolk hits you with a trident!
You die...
Your body rises from the dead as a mindless zombie.

#...# ########...# #
...........# .#
...........# ...
...........#####...#
.H..........§.§)...#
.........ZZ).(...#.
.......@m##(Z###.... #
....)....###)# .#..
####.############(###.#.#..
......)............).......
####.##((.#######.###.#.#.#
#...........<#.# .#
####...#######.. .#
........ #... .# ##########
#.....#


You could see a merfolk, a hippogriff (wandering), a friendly kobold zombie and
a friendly deep elf mage zombie.

Vanquished Creatures
  A deep elf mage (D:10)
  Joseph (D:8)
  A centaur skeleton (D:9)
  A komodo dragon (D:8)
  A hellwing (D:9)
  A hornet (D:7)
  A hippogriff (D:9)
  2 wyverns (D:8)
  12 yaks
  A steam dragon (D:8)
  A hungry ghost (D:6)
  A basilisk (D:8)
  4 orc warriors
  A hornet zombie (D:9)
  2 sky beasts
  4 ice beasts
  3 phantoms
  5 ogres
  A necrophage (D:10)
  3 centaurs
  2 crocodiles
  2 big kobolds
  5 bullfrogs (D:6)
  2 scorpions (D:4)
  6 killer bees
  3 wights (D:7)
  3 vampire bats (D:9)
  A crimson imp (D:7)
  2 bullfrog zombies
  A quasit (D:8)
  3 centaur zombies (D:9)
  4 hounds
  Crazy Yiuf (D:2)
  3 orc priests
  2 iguanas
  2 bullfrog skeletons
  6 worker ants
  Natasha (D:2)
  8 orc wizards
  A killer bee zombie (D:9)
  A hound zombie (D:5)
  A hound skeleton (D:6)
  Robin (D:4)
  3 gnolls (D:6)
  7 adders
  5 shadow imps
  An adder zombie (D:8)
  A worm (D:3)
  A dart slug (D:2)
  3 leopard geckos
  32 orcs
  2 ball pythons
  4 bats
  2 bat skeletons (D:9)
  4 bat zombies (D:9)
  5 giant cockroaches
  16 goblins
  3 hobgoblins
  5 jackals
  5 quokkas
  4 frilled lizards
  A jackal skeleton (D:8)
  15 kobolds
  A leopard gecko skeleton (D:6)
  A leopard gecko zombie (D:8)
  A quokka skeleton (D:9)
  8 rats
238 creatures vanquished.

Vanquished Creatures (collateral kills)
  Erolcha (D:9)
  A centaur zombie (D:9)
  A hellwing (D:9)
  A meliai zombie (D:9)
  Sigmund (D:6)
  A yak (D:9)
  A basilisk (D:8)
  A water moccasin (D:9)
  A phantom (D:9)
  A necrophage (D:10)
  A bullfrog (D:8)
  A crimson imp (D:7)
  A hound (D:9)
  A jelly (D:9)
  An iguana (D:9)
  An orc wizard (D:9)
  2 worker ants (D:7)
  A shadow imp (D:9)
  An orc (D:9)
  4 kobolds (D:7)
24 creatures vanquished.

Vanquished Creatures (others)
  A sky beast (D:8)
  3 yak zombies
  A yak skeleton (D:9)
  An ogre zombie (D:7)
  A sky beast zombie (D:8)
  A big kobold zombie (D:10)
  A worker ant zombie (D:7)
  A gnoll zombie (D:6)
  3 kobold zombies
  An orc skeleton (D:8)
  3 orc zombies
  A quokka skeleton (D:8)
  2 withered plants (D:9)
20 creatures vanquished.

Grand Total: 282 creatures vanquished

Notes
Turn   | Place    | Note
-------+----------+-------------------------------------------
     0 | D:1      | Lianjan the Demonspawn Gladiator began the quest for the Orb.
     0 | D:1      | Reached XP level 1. HP: 16/16 MP: 1/1
   187 | D:1      | Gained mutation: Your flesh is heat resistant. (rF+) [demonic ancestry]
   187 | D:1      | Reached XP level 2. HP: 22/22 MP: 2/2
   193 | D:1      | Reached skill level 3 in Polearms
   207 | D:1      | Found a shattered altar of Ashenzari.
   669 | D:2      | Found a snail-covered altar of Cheibriados.
   812 | D:2      | Reached XP level 3. HP: 11/28 MP: 3/3
  1030 | D:2      | Noticed Natasha
  1039 | D:2      | Killed Natasha
  1039 | D:2      | Reached XP level 4. HP: 25/34 MP: 4/4
  1292 | D:2      | Found a runed door.
  1358 | D:2      | Noticed Crazy Yiuf
  1374 | D:2      | Killed Crazy Yiuf
  1811 | D:3      | Found an opulent altar of Gozag.
  1820 | D:3      | Found a hide-covered altar of Uskayaw.
  1822 | D:3      | Found a radiant altar of Vehumet.
  1859 | D:3      | Reached skill level 4 in Polearms
  2098 | D:3      | Gained mutation: You are partially covered in icy blue scales. (AC +2) [demonic ancestry]
  2098 | D:3      | Reached XP level 5. HP: 34/41 MP: 5/5
  2506 | D:4      | Noticed a phantom
  2521 | D:4      | Killed a phantom
  2521 | D:4      | Gained mutation: You are immune to clouds of flame. [demonic ancestry]
  2521 | D:4      | Reached XP level 6. HP: 38/47 MP: 6/6
  2651 | D:5      | Entered Level 5 of the Dungeon
  2761 | D:5      | Reached skill level 5 in Polearms
  2979 | D:4      | Noticed Robin
  3016 | D:4      | Killed Robin
  3547 | D:4      | Gained mutation: You are mostly covered in icy blue scales. (AC +3) [demonic ancestry]
  3547 | D:4      | Reached XP level 7. HP: 47/54 MP: 7/7
  4144 | D:4      | Found Wuwud's Magic Scroll Shop.
  4197 | D:4      | Reached skill level 6 in Polearms
  4909 | D:5      | Found a basalt altar of Yredelemnul.
  4961 | D:5      | Became a worshipper of Yredelemnul the Dark
  5556 | D:5      | Reached skill level 1 in Invocations
  5556 | D:5      | Gained mutation: You have sharp toenails. [demonic ancestry]
  5556 | D:5      | Reached XP level 8. HP: 44/61 MP: 8/8
  5768 | D:6      | Reached skill level 5 in Fighting
  5768 | D:6      | Reached skill level 5 in Dodging
  5799 | D:6      | Reached skill level 1 in Armour
  6119 | D:6      | Reached skill level 7 in Polearms
  6568 | D:6      | Found a staircase to the Ecumenical Temple.
  6631 | D:6      | Reached * piety under Yredelemnul
  6973 | D:6      | Gained mutation: You are slightly more attuned to the shadows. [demonic ancestry]
  6973 | D:6      | Reached XP level 9. HP: 66/69 MP: 12/12
  7098 | D:6      | Noticed Sigmund
  7131 | D:6      | Killed Sigmund
  7213 | D:6      | Reached skill level 8 in Polearms
  7489 | D:7      | Reached skill level 5 in Invocations
  7768 | D:7      | You fall through a shaft!
  8309 | D:7      | Reached ** piety under Yredelemnul
  8433 | D:7      | Reached skill level 9 in Polearms
  8729 | D:8      | Noticed Joseph
  8733 | D:8      | Noticed a two-headed ogre
  9197 | D:8      | Reached XP level 10. HP: 59/79 MP: 14/14
  9335 | D:8      | HP: 2/79 [steam dragon (4)]
  9752 | D:8      | Found a staircase to the Lair.
  9824 | D:8      | Reached skill level 5 in Armour
  9949 | D:8      | Killed Joseph
 10328 | D:9      | Found a deep blue altar of Sif Muna.
 10350 | D:9      | Reached skill level 10 in Polearms
 10355 | D:9      | Noticed Erolcha
 10777 | D:9      | Found an ancient bone altar of Kikubaaqudgha.
 10805 | D:9      | Reached *** piety under Yredelemnul
 11155 | D:9      | Reached XP level 11. HP: 74/86 MP: 17/17
 11553 | D:9      | Found a glowing silver altar of Zin.
 11737 | D:9      | Killed Erolcha
 11790 | D:9      | Identified Gyeluc's Beginning Course on Wizardry
 12031 | D:9      | Got a warped cloak
 12032 | D:9      | Identified the +0 cloak "Haifunin" {rElec rPois SInv} (You found it on level 9 of the Dungeon)
 12069 | D:9      | Found a sacrificial altar of Ru.
 12156 | D:10     | Entered Level 10 of the Dungeon
 12169 | D:10     | Reached skill level 11 in Polearms
 12188 | D:10     | Noticed a deep elf mage
 12208 | D:10     | Killed a deep elf mage
 12217 | D:10     | Reached **** piety under Yredelemnul
 12263 | D:10     | HP: 3/87 [merfolk/trident (13)]
 12271 | D:10     | Slain by a merfolk

Vault maps used:
D:1:      tarquinn_simple_flora_water_f, nicolae_ashenzari_panopticon
D:2:      kennysheep_slug_shrine, uniq_natasha, uniq_crazy_yiuf_cottage
D:3:      minitemple
D:4:      serial_shops, kennysheep_little_box, first_ration, uniq_robin
D:5:      yredelemnul_altar_generic
D:6:      minmay_temple_entry_mist, grunt_ministairs_7, uniq_sigmund
D:8:      erik_lair_dragon, uniq_joseph
D:9:      cheibrodos_grave_circle, kennysheep_mini, kennysheep_vampire_church,
          lemuel_doored_altar, nicolae_ru_sacrificial_ziggurat, uniq_erolcha
D:10:     kennysheep_orc_monster_closet_entryway, hangedman_stone_soup

Skill      XL: |  1  2  3  4  5  6  7  8  9 10 11 |
---------------+----------------------------------+-----
Polearms       | 3 4 5 6 7 9 10 11 | 11.1
Throwing       | 2 |  2.0
Dodging        | 3 4 5 |  5.0
Fighting       | 3 4 5 7 8 |  8.7
Invocations    | 1 4 6 8 9 |  9.2
Armour         | 2 4 5 6 |  6.4

Action                   |  1- 3 |  4- 6 |  7- 9 | 10-12 || total
-------------------------+-------+-------+-------+-------++-------
Melee: Trident           |    69 |   256 |   384 |       ||   709
       Kick              |       |       |   105 |   136 ||   241
       Halberd           |       |       |   182 |   402 ||   584
Throw: Throwing net      |     2 |     1 |     1 |       ||     4
       Tomahawk          |       |     3 |     4 |       ||     7
Invok: Animate Remains   |       |       |    13 |     3 ||    16
       Animate Dead      |       |       |       |     5 ||     5
       Recall Undead Sla |       |       |       |     2 ||     2
Evoke: Wand              |       |       |     4 |     2 ||     6
  Use: Potion            |     1 |       |     1 |     2 ||     4
       Scroll            |       |       |    14 |     3 ||    17
 Stab: Sleeping          |     1 |       |       |       ||     1
       Invisible         |       |     1 |       |       ||     1
       Held in net/web   |       |       |     2 |       ||     2
       Distracted        |       |       |     2 |     2 ||     4
  Eat: Chunk             |       |     9 |    14 |    14 ||    37
       Ration            |       |       |     2 |       ||     2
Armor: Leather armour    |    15 |       |       |       ||    15
       Chain mail        |       |   129 |   318 |   312 ||   759
       Skin              |       |       |    17 |       ||    17
Dodge: Dodged            |    26 |    76 |   212 |   193 ||   507

Table legend:
 A = Spawn XP
 B = Non-spawn XP
 C = Spawn XP percentage of total XP
 D = Spawn monster count
 E = Non-spawn monster count
 F = Spawn count percentage of total count
 G = Total turns spent on level
                    A         B        C        D         E        F      G
               +---------+---------+-------+---------+---------+-------+---------
         Total |       0 |   15749 |   0.0 |       0 |     263 |   0.0 | 12271
               +---------+---------+-------+---------+---------+-------+---------
           D:1 |       0 |      22 |   0.0 |       0 |      12 |   0.0 |   408
           D:2 |       0 |     126 |   0.0 |       0 |      17 |   0.0 |  1349
           D:3 |       0 |      84 |   0.0 |       0 |      22 |   0.0 |   730
           D:4 |       0 |     822 |   0.0 |       0 |      35 |   0.0 |  1905
           D:5 |       0 |     383 |   0.0 |       0 |      10 |   0.0 |  1367
           D:6 |       0 |    2004 |   0.0 |       0 |      38 |   0.0 |  1693
           D:7 |       0 |    1067 |   0.0 |       0 |      29 |   0.0 |  1125
           D:8 |       0 |    3576 |   0.0 |       0 |      29 |   0.0 |  1579
           D:9 |       0 |    6415 |   0.0 |       0 |      55 |   0.0 |  2000
          D:10 |       0 |    1250 |   0.0 |       0 |      16 |   0.0 |   115
               +---------+---------+-------+---------+---------+-------+---------
